 Dungeon Crawl Stone Soup version 0.18.1-48-g4cf74bf (webtiles) character file.

154 tyranidshit the Grave Robber (level 5, -4/48 HPs)
             Began as a Deep Dwarf Necromancer on July 12, 2016.
             Was an Initiate of Makhleb.
             Slain by a thrashing horror (5 damage)
             ... on level 1 of the Abyss.
             The game lasted 00:12:02 (1965 turns).

tyranidshit the Grave Robber (DDNe)                 Turns: 1965, Time: 00:12:02

Health: -4/48      AC:  3    Str: 12    XL:     5   Next: 13%
Magic:  10/10      EV: 12    Int: 16    God:    Makhleb [......]
Gold:   217        SH:  0    Dex: 13    Spells: 2 memorised, 6 levels left

rFire  . . .     SeeInvis .     q - +0 flail
rCold  . . .     Gourm    .     a - +1 robe
rNeg   . . .     Faith    .     (no shield)
rPois  .         Spirit   .     (no helmet)
rElec  .         Dismiss  .     (no cloak)
rCorr  .         Reflect  .     (no gloves)
SustAt .         Harm     .     (no boots)
MR     .....                    (no amulet)
Stlth  ++........               (no ring)
                                (no ring)

@: non-regenerating, not resistant to hostile enchantments, unstealthy
A: damage resistance, recharge devices, sense surroundings 1, slow regeneration
3
a: Device Recharging, Renounce Religion


You were on level 1 of the Abyss.
You worshipped Makhleb.
Makhleb was noncommittal.
You were not hungry.

You visited 1 branch of the dungeon, and saw 3 of its levels.
You visited the Abyss 1 time.

You collected 217 gold pieces.

Inventory:

Hand Weapons
 g - a +0 club
 i - a +0 war axe of distortion
 q - a +0 flail (weapon)
Missiles
 k - 2 needles of sleeping
 r - 16 sling bullets
 x - 9 poisoned needles
Armour
 a - a +1 robe (worn)
 o - a +0 leather armour
Jewellery
 j - an uncursed ring of resist corrosion
Wands
 c - a wand of heal wounds (0/9)
 y - a wand of teleportation (6/9)
Scrolls
 f - a scroll of enchant armour
 l - a scroll of identify
 t - a scroll of immolation
 u - a scroll of blinking {unknown}
Potions
 e - 2 potions of brilliance
 p - 2 potions of might {unknown}
 v - a potion of haste
Books
 b - a book of Necromancy

   Spells                             Type                      Level
   a - Pain                           Necromancy                   1
   b - Animate Skeleton               Necromancy                   1
   c - Vampiric Draining              Necromancy                   3
   d - Regeneration                   Charms/Necromancy            3
   e - Animate Dead                   Necromancy                   4
   f - Control Undead                 Necromancy                   4
 h - a book of the Earth

   Spells                             Type                      Level
   a - Leda's Liquefaction            Hexes/Earth                  4
   b - Bolt of Magma                  Conjuration/Fire/Earth       5
   c - Statue Form                    Transmutation/Earth          6
   d - Iron Shot                      Conjuration/Earth            6
   e - Shatter                        Earth                        9
 n - a book of Cantrips

   Spells                             Type                      Level
   a - Corona                         Hexes                        1
   b - Animate Skeleton               Necromancy                   1
   c - Summon Small Mammal            Summoning                    1
   d - Apportation                    Translocation                1
Comestibles
 d - 3 bread rations
 m - 3 meat rations


   Skills:
 + Level 2.9 Fighting
 - Level 2.1 Dodging
 - Level 2.4 Stealth
 + Level 3.4 Spellcasting
 - Level 4.3 Necromancy


You had 6 spell levels left.
You knew the following spells:

 Your Spells              Type           Power        Failure   Level  Hunger
a - Pain                  Necr           ###.         3%          1    None
b - Vampiric Draining     Necr           ###.......   12%         3    ###....


Dungeon Overview and Level Annotations

Branches:
Dungeon (3/15)

Altars:
Makhleb
Okawaru


Innate Abilities, Weirdness & Mutations

You are resistant to damage.
You can recharge devices by infusing magical energy.
You passively map a small area around you.
You do not regenerate naturally.


Message History

The puff of frost misses you.
The white imp laughs crazily.
The white imp gestures at you. The puff of frost hits you!
* * * LOW HITPOINT WARNING * * *
The thrashing horror tramples you.
* * * LOW HITPOINT WARNING * * *
You hold your ground!
The thrashing horror tramples you but does no damage.
Evoke which item? (* to show all) (? for menu, Esc to quit)
This wand has no charges.
Firing (i - inventory): No suitable missiles.
Press: ? - help, Shift-Dir - straight line, f - thrashing horror
Aim: a thrashing horror
Okay, then.
The thrashing horror roars!
You hear a chilling moan.
The thrashing horror closely misses you.
The thrashing horror completely misses you.
The thrashing horror tramples you.
You die...

.# #. .#.### ..
. ...#.##.# .#
#.#.#..### ###.#
.....#.#.###.#.#
#.#...##.......#
.#
##.##.#.....#..
.
..#.@#.#.5....#
......#.X...#
.##...#3##.##
##.#...#.#..
..##.#.#. ##..
.#.#.##... ..#
.#.# ...## #.
... ###. ## ##


You could see a thrashing horror and a neqoxec.

Vanquished Creatures
  A hound (D:3)
  6 adders
  2 oozes
  A dart slug (D:2)
  4 worms
  A giant gecko (D:3)
  An orc (D:3)
  A giant cockroach (D:1)
  10 hobgoblins
  10 bats
  A giant newt (D:1)
  5 goblins
  3 kobolds
  5 rats
51 creatures vanquished.

Notes
Turn   | Place    | Note
--------------------------------------------------------------
     0 | D:1      | tyranidshit the Deep Dwarf Necromancer began the quest for the Orb.
     0 | D:1      | Reached XP level 1. HP: 15/15 MP: 3/3
   282 | D:1      | Reached skill level 1 in Fighting
   282 | D:1      | Reached XP level 2. HP: 23/25 MP: 1/5
   808 | D:2      | Reached XP level 3. HP: 27/32 MP: 0/6
   813 | D:2      | Learned a level 3 spell: Vampiric Draining
  1090 | D:2      | Reached XP level 4. HP: 18/39 MP: 4/8
  1583 | D:3      | Found a burning altar of Makhleb.
  1591 | D:3      | Reached XP level 5. HP: 23/48 MP: 0/10
  1598 | D:3      | Became a worshipper of Makhleb the Destroyer
  1757 | D:3      | Found an iron altar of Okawaru.
  1805 | D:3      | Cast into level 1 of the Abyss (a distortion unwield)
  1888 | Abyss:1  | Noticed a starcursed mass
  1926 | Abyss:1  | Noticed a silent spectre
  1938 | Abyss:1  | Noticed a large abomination
  1950 | Abyss:1  | Noticed a neqoxec
  1960 | Abyss:1  | Noticed a thrashing horror
  1963 | Abyss:1  | HP: 1/48 [thrashing horror (5)]
  1965 | Abyss:1  | Slain by a thrashing horror

Skill      XL: |  1  2  3  4 |
---------------+-------------+-----
Spellcasting   | 2 3 |  3.4
Fighting       | 1 2 |  2.9
Dodging        | |  2.1
Stealth        | |  2.4
Necromancy     | |  4.3

Action                   |  1- 3 |  4- 6 || total
-------------------------+-------+-------++-------
Melee: Club              |    35 |    25 ||    60
       Unarmed           |     1 |       ||     1
       Flail             |       |    24 ||    24
 Cast: Pain              |    58 |    17 ||    75
       Vampiric Draining |     1 |    11 ||    12
Evoke: Wand              |     1 |     4 ||     5
  Use: Scroll            |     5 |     3 ||     8
       Potion            |       |     6 ||     6
 Stab: Sleeping          |     1 |     2 ||     3
  Eat: Bread ration      |     1 |     1 ||     2
Armor: Robe              |    16 |    12 ||    28
       Leather armour    |     3 |     1 ||     4
Dodge: Dodged            |    57 |    51 ||   108
